 Dungeon Crawl Stone Soup version 0.28.0 (webtiles) character file.

Game seed: 7219519408967804921

4475 AlmostDecent the Cleaver (level 10, -5/63 HPs)
             Began as a Gargoyle Fighter on Feb 10, 2022.
             Was an Elder of Okawaru.
             Slain by Erica (8 damage)
             ... on level 8 of the Dungeon.
             The game lasted 00:15:42 (5036 turns).

AlmostDecent the Cleaver (Gargoyle Fighter)         Turns: 5036, Time: 00:15:43

Health: -5/63      AC: 17    Str: 21    XL:     10   Next: 38%
Magic:  19/19      EV:  7    Int: 10    God:    Okawaru [****..]
Gold:   231        SH:  4    Dex: 11    Spells: 9/9 levels left

rFire   + . .      SeeInvis .   a - +1 war axe (venom)
rCold   . . .      Faith    .   c - +0 buckler
rNeg    + . .      Spirit   .   q - +0 chain mail
rPois   ∞          Reflect  .   r - +0 helmet
rElec   +          Harm     .   (no cloak)
rCorr   .          Rampage  .   (no gloves)
Will    .....                   (no boots)
Stlth   ..........              h - amulet of regeneration
HPRegen 1.00/turn               o - ring of protection from fire
MPRegen 0.16/turn               m - ring of magical power

@: slowed, very slow
A: sickness immunity, AC +7, negative energy resistance 1, electricity
resistance, torment resistance 1, petrification resistance
a: Renounce Religion, Heroism, Finesse


You were on level 8 of the Dungeon.
You worshipped Okawaru.
Okawaru was greatly pleased with you.
You visited 2 branches of the dungeon, and saw 9 of its levels.

You collected 231 gold pieces.

Inventory:

Hand Weapons
 a - a +1 war axe of venom (weapon)
Missiles
 n - 7 boomerangs (quivered)
Armour
 c - a +0 buckler (worn)
 q - a +0 chain mail (worn)
 r - a +0 helmet (worn)
Jewellery
 h - an amulet of regeneration (around neck)
 m - a ring of magical power (right hand)
 o - a ring of protection from fire (left hand)
Wands
 d - a wand of flame (22)
 x - a wand of acid (2)
Scrolls
 g - a scroll of immolation
 k - 3 scrolls of teleportation
Potions
 b - a potion of haste
 e - 2 potions of cancellation {unknown}
 f - a potion of attraction {unknown}
 i - a potion of curing {unknown}
 j - a potion of ambrosia
 l - a potion of might
 s - a potion of heal wounds
 t - a potion of degeneration
 u - a potion of berserk rage
 w - a potion of mutation {unknown}
 z - a potion of brilliance {unknown}


   Skills:
 + Level 7.4 Fighting
 * Level 12.4 Axes
 + Level 0.1 Throwing
 - Level 3.5 Armour
 + Level 0.8 Stealth
 - Level 3.4 Shields


You had 9 spell levels left.
You didn't know any spells.
Your spell library contained the following spells:

 Spells                   Type           Power      Damage    Failure   Level
 Foxfire                  Conj/Fire      0%         2x1d4     99%         1
 Magic Dart               Conj           0%         1d3       99%         1
 Ensorcelled Hibernation  Hex/Ice        0%         N/A       100%        2
 Conjure Flame            Conj/Fire      0%         6-21      100%        3
 Inner Flame              Hex/Fire       0%         N/A       100%        3
 Mephitic Cloud           Conj/Pois/Air  0%         N/A       100%        3
 Spider Form              Tmut/Pois      0%         N/A       100%        3
 Anguish                  Hex/Necr       0%         N/A       100%        4
 Flame Wave               Conj/Fire      0%         2d4       100%        4
 Call Imp                 Summ           Unusable   N/A       N/A         2

Dungeon Overview and Level Annotations

Branches:
Dungeon (8/15)             Temple (1/1) D:5
   Lair: D:8-11

Altars:
Ashenzari
Cheibriados
Dithmenos
Elyvilon
Fedhas
Gozag
Hepliaklqana
Makhleb
Nemelex Xobeh
Okawaru
Qazlal
Ru
Sif Muna
Trog
Uskayaw
Vehumet
Wu Jian
Xom
Yredelemnul
Zin
The Shining One

Shops:
D:4 *

Annotations:
D:7 2 transporters, Sanktem7's ghost, novice MiFi
D:8 Erica


Innate Abilities, Weirdness & Mutations

You are immune to sickness and miasma.
Your stone body is resilient. (AC +7)
You are immune to poison.
You resist negative energy. (rN+)
You are resistant to electric shocks. (rElec)
You are resistant to unholy torment.
You are immune to petrification.


Message History

The lance of force hits you.
You are knocked back by the lance of force.
You slam into the rock wall!
You bump into the rock wall.
You hear some strange, mumbled words.
You are more confused.
You bump into the rock wall.
Something hits you. Something burns you.
You're too confused to move!
You hear some strange, mumbled words.
A bolt of poison appears from out of thin air!
The bolt of poison misses you.
You hear some strange, mumbled words.
A lance of force appears from out of thin air!
The lance of force misses you.
You bump into the rock wall.
You hear some strange, mumbled words.
A lance of force appears from out of thin air!
The lance of force hits you!
You are knocked back by the lance of force.
You slam into the rock wall!
You bump into the rock wall.
Something hits you.
* * * LOW HITPOINT WARNING * * *
Something burns you.
* * * LOW HITPOINT WARNING * * *
You hear some strange, mumbled words.
You feel yourself slow down.
You're too confused to move!
You hear some strange, mumbled words.
A bolt of poison appears from out of thin air!
The bolt of poison misses you.
You bump into the rock wall.
Something hits you!
* * * LOW HITPOINT WARNING * * *
Something burns you.
* * * LOW HITPOINT WARNING * * *
You're too confused to move!
You feel less confused. Something hits you.
* * * LOW HITPOINT WARNING * * *
Something hits you!
You die...

.......#
......
#.......
.......
#.##.#...#
#.##.##..
#.##.##.#
#.##.##@#
#.##.##{#
##.##.)).#
#...#<)###
#......#
#.[.##.#
#..###.#
#... #.#
#.#.....


There were no monsters in sight!

Vanquished Creatures
  Gastronok (D:8)
  Harold (D:7)
  Pikel (D:5)
  A troll (D:8)
  Menkaure (D:5)
  An orc warrior (D:7)
  An ogre (D:6)
  An ice beast (D:7)
  2 black bears
  3 sky beasts
  A necrophage (D:5)
  A kobold brigand (D:8)
  A bullfrog (D:7)
  A water moccasin zombie (D:7)
  A wyvern zombie (D:6)
  3 scorpions (D:6)
  A wyvern skeleton (D:4)
  2 howler monkeys
  A jelly (D:6)
  3 bullfrog zombies
  3 orc priests (D:5)
  A centaur skeleton (D:6)
  4 hounds
  2 iguanas
  An orc wizard (D:5)
  2 hound skeletons (D:4)
  Robin (D:3)
  6 gnolls
  A howler monkey skeleton (D:5)
  3 adders
  An ufetubus (D:5)
  2 worms
  4 dart slugs
  14 orcs
  5 endoplasms
  4 giant cockroaches
  12 goblins
  10 hobgoblins
  7 kobolds
  3 quokkas
  3 ball pythons
  5 bats
  A frilled lizard (D:1)
  2 rats
125 creatures vanquished.

Notes
Turn   | Place    | Note
-------+----------+-------------------------------------------
     0 | D:1      | AlmostDecent the Gargoyle Fighter began the quest for the
                  | Orb.
     0 | D:1      | Reached XP level 1. HP: 14/14 MP: 1/1
   464 | D:1      | Reached XP level 2. HP: 19/19 MP: 2/2
   518 | D:1      | Reached skill level 2 in Axes
   850 | D:2      | Reached XP level 3. HP: 24/24 MP: 3/3
  1062 | D:2      | Found a sparkling altar of Nemelex Xobeh.
  1421 | D:3      | Reached skill level 3 in Axes
  1421 | D:3      | Reached XP level 4. HP: 19/29 MP: 4/4
  1668 | D:3      | Noticed a sky beast
  1685 | D:3      | Killed a sky beast
  1686 | D:3      | Reached skill level 4 in Axes
  1686 | D:3      | Reached XP level 5. HP: 33/33 MP: 5/5
  1704 | D:3      | Noticed Robin
  1747 | D:3      | Killed Robin
  2067 | D:4      | Noticed a +0 dagger
  2068 | D:4      | Noticed a +0 dagger
  2074 | D:4      | Reached XP level 6. HP: 31/39 MP: 6/6
  2082 | D:4      | Reached skill level 5 in Axes
  2121 | D:4      | Found a hide-covered altar of Uskayaw.
  2321 | D:4      | Found Xedidghuagg's Gadget Gallery.
  2375 | D:5      | Entered Level 5 of the Dungeon
  2473 | D:5      | Noticed a sky beast
  2482 | D:5      | Reached XP level 7. HP: 44/44 MP: 7/7
  2485 | D:5      | Reached skill level 6 in Axes
  2701 | D:5      | Noticed Pikel
  2713 | D:5      | Killed Pikel
  2714 | D:5      | Reached skill level 5 in Fighting
  2714 | D:5      | Reached skill level 7 in Axes
  2714 | D:5      | Reached XP level 8. HP: 37/49 MP: 8/8
  2751 | D:5      | Found a staircase to the Ecumenical Temple.
  2756 | Temple   | Entered the Ecumenical Temple
  2832 | Temple   | Became a worshipper of Warmaster Okawaru
  2861 | D:5      | Noticed Menkaure
  2870 | D:5      | Killed Menkaure
  2871 | D:5      | Reached skill level 8 in Axes
  3529 | D:6      | Reached skill level 9 in Axes
  3746 | D:6      | Found a burning altar of Makhleb.
  3841 | D:6      | Reached XP level 9. HP: 52/55 MP: 9/9
  3883 | D:6      | Reached * piety under Okawaru
  4216 | D:6      | Reached skill level 10 in Axes
  4230 | D:6      | Found a faded altar of an unknown god.
  4230 | D:6      | Found a faded altar of an unknown god.
  4230 | D:6      | Found a faded altar of an unknown god.
  4232 | D:6      | Found a hazy altar of Hepliaklqana.
  4252 | D:7      | Noticed Harold
  4270 | D:7      | Killed Harold
  4270 | D:7      | Reached ** piety under Okawaru
  4462 | D:7      | Reached skill level 11 in Axes
  4609 | D:7      | Found a transporter.
  4609 | D:7      | Noticed Sanktem7's ghost (novice MiFi)
  4609 | D:7      | Noticed a moth of wrath
  4880 | D:7      | Found a transporter.
  4920 | D:8      | Noticed Gastronok
  4938 | D:8      | Killed Gastronok
  4938 | D:8      | Reached *** piety under Okawaru
  4938 | D:8      | Reached **** piety under Okawaru
  4939 | D:8      | Reached skill level 12 in Axes
  4939 | D:8      | Reached XP level 10. HP: 35/63 MP: 10/10
  5002 | D:8      | Noticed Erica
  5036 | D:8      | HP: 3/63 [something (3)]
  5036 | D:8      | Slain by Erica

Illustrated notes

Levels and vault maps discovered:
D:1:      dpeg_arrival_more_subterranean_lakeside_camping, layout_loops_ring
D:2:      layout_loops_ring, basic_altar
D:3:      layout_rooms, uniq_robin
D:4:      layout_basic, dancing_weapons_uskayaw, nicolae_shop_gadgets
D:5:      layout_gridville, temple_doors_ab, uniq_menkaure, uniq_pikel
D:6:      layout_basic, mainiacjoe_overflow_alcove_4,
          nicolae_hepliaklqana_ecumenical_no_more
D:7:      layout_rooms, gammafunk_ghost_berserking_beasts, uniq_harold
D:8:      layout_loops_ring, uniq_gastronok, uniq_psyche, uniq_maggie,
          uniq_erica
Temple:   compressed_dpeg_circular_temple

Skill      XL: |  1  2  3  4  5  6  7  8  9 |
---------------+----------------------------+-----
Axes           | 2 3 4 5 7 9 12 | 12.4
Fighting       | 4 5 7 |  7.4
Throwing       | |  0.1
Armour         | |  3.5
Stealth        | |  0.8
Shields        | |  3.4

Action                   |  1- 3 |  4- 6 |  7- 9 | 10-12 || total
-------------------------+-------+-------+-------+-------++-------
Melee: War axe           |    67 |   124 |   213 |    32 ||   436
Throw: Boomerang         |       |       |     1 |       ||     1
  Use: Potion            |     1 |       |     1 |       ||     2
       Scroll            |       |       |    14 |       ||    14
Armor: Scale mail        |    46 |     3 |       |       ||    49
       Chain mail        |       |    96 |   132 |    26 ||   254
Dodge: Dodged            |    41 |    39 |    57 |    17 ||   154
Block: Buckler           |    19 |    33 |    46 |    10 ||   108
